 Dungeon Crawl Stone Soup version 0.26.0-41-g79a4fc7684 (webtiles) character file.

Game seed: 1074702974034713632

12373 rel the Fighter (level 11, -8/101 HPs)
             Began as a Green Draconian Berserker on Jan 27, 2021.
             Was a High Priest of Trog.
             Mangled by a blink frog (19 damage)
             ... on level 2 of the Lair of Beasts.
             The game lasted 00:43:43 (14294 turns).

rel the Fighter (Green Draconian Berserker)        Turns: 14294, Time: 00:43:44

Health: -8/101     AC: 10    Str: 20    XL:     11   Next: 61%
Magic:  0/12       EV: 14    Int: 11    God:    Trog [*****.]
Gold:   436        SH: 13    Dex: 10    Spells: 10/10 levels left

rFire    . . .     SeeInvis .   j - +2 flail (protect)
rCold    . . .     Faith    .   d - +3 kite shield
rNeg     . . .     Spirit   +   (armour unavailable)
rPois    +         Reflect  .   (helmet restricted)
rElec    .         Harm     .   p - +1 cloak
rCorr    .         Rampage  .   (no gloves)
Will     .....                  o - +0 pair of boots
Stlth    +++++.....             A - amulet of guardian spirit
HPRegen  0.26/turn              c - ring of stealth
MPRegen  0.13/turn              b - ring of stealth

@: mighty, berserk cooldown, flying, slowed, very slow
A: breathe noxious fumes, unfitting armour, big wings, high mp 1, poison
resistance, cold-blooded, AC +7
a: Breathe Noxious Fumes, Stop Flying, Renounce Religion, Berserk, Trog's Hand,
Brothers in Arms


You were on level 2 of the Lair of Beasts.
You worshipped Trog.
Trog was extremely pleased with you.
You visited 2 branches of the dungeon, and saw 12 of its levels.

You collected 436 gold pieces.

Inventory:

Hand Weapons
 a - a +0 hand axe
 j - a +2 flail of protection (weapon)
Missiles
 q - 7 boomerangs (quivered)
 r - 6 throwing nets
Armour
 d - a +3 kite shield (worn)
 o - a +0 pair of boots (worn)
 p - a +1 cloak (worn)
Jewellery
 b - a ring of stealth (right hand)
 c - a ring of stealth (left hand)
 A - an amulet of guardian spirit (around neck)
Wands
 l - a wand of random effects (25)
 s - a wand of enslavement (7)
 x - a wand of digging (8)
 y - a wand of disintegration (6)
 z - a wand of flame (10)
Scrolls
 e - a scroll of fog {unknown}
 i - 7 scrolls of remove curse
 k - 3 scrolls of magic mapping
 n - 5 scrolls of teleportation
 t - 4 scrolls of identify
 u - 5 scrolls of immolation
Potions
 f - a potion of mutation
 g - a potion of degeneration
 h - 3 potions of cancellation


   Skills:
 * Level 10.8 Fighting
 - Level 3.0(5.9) Axes
 + Level 8.1(8.4) Maces & Flails
 + Level 3.6 Throwing
 * Level 9.4 Dodging
 * Level 4.9 Stealth
 - Level 7.3 Shields
 + Level 0.2 Evocations


You had 10 spell levels left.
You didn't know any spells.
Your spell library was empty.

Dungeon Overview and Level Annotations

Branches:
Dungeon (10/15)            Temple (0/1) D:5            Lair (2/6) D:10
    Orc (0/2) D:10
  Swamp: Lair:2-4    Shoals: Lair:2-4     Snake: Lair:2-4    Spider: Lair:2-4

Altars:
Elyvilon
Vehumet
Wu Jian

Shops:
D:4 }   D:8 =

Annotations:
D:3 1 transporter


Innate Abilities, Weirdness & Mutations

You can breathe blasts of noxious fumes.
Your lurid green scales are hard. (AC +7)
You cannot fit into any form of body armour.
Your system is resistant to poisons. (rPois)
You are cold-blooded and may be slowed by cold attacks.
Your large and strong wings let you fly indefinitely.
You have an increased reservoir of magic. (+10% MP)


Message History

The blink frog hits you.
* * * LOW HITPOINT WARNING * * *
The blink frog blinks!
You miss the blink frog. You tail-slap the blink frog.
The blink frog is almost dead.
The blink frog blinks!
The blink frog blinks!
Okay, then.
The blink frog blinks!
It was a potion of might.
You feel very mighty all of a sudden.
The blink frog blinks!
The blink frog blinks!
The blink frog hits you but does no damage.
You barely miss the blink frog. The blink frog hits you!
* * * LOW HITPOINT WARNING * * *
The blink frog blinks!
The blink frog barely misses you.
You miss the blink frog. The blink frog misses you.
You block the blink frog's attack. The blink frog hits you!!
You die...

....... ## ....... ..
P..... #..# . #.... #..#
.. ##....## #####
#..###..
##..(...###...###......#
#P.....F......§........#
.......@F...............
................†.......
##....#####.#.#.........
#P#.. ####......#### #
#. ##?....# P. #.....#
##...... #.....###.
#...#.. ##....[+...
#..#... #PP.....#


You could see 2 blink frogs.

Vanquished Creatures
  Harold (Lair:1)
  A hydra (Lair:1)
  A two-headed ogre (D:9)
  2 ugly things
  3 cane toads (Lair:1)
  2 rime drakes (Lair:1)
  2 blink frogs (Lair:2)
  2 wyverns
  3 yaks (Lair:1)
  A water moccasin (Lair:1)
  7 ice beasts
  4 black bears
  6 orc warriors
  7 sky beasts
  An eye of draining (D:10)
  4 ogres
  2 phantoms
  8 centaurs
  5 wolves (D:10)
  A big kobold (D:10)
  A gnoll sergeant (D:9)
  14 bullfrogs
  3 scorpions
  A water moccasin zombie (D:7)
  An electric eel (D:10)
  8 wights
  2 howler monkeys (D:7)
  A centaur zombie (D:7)
  3 bullfrog skeletons
  2 orc priests
  6 jellies
  A centaur skeleton (D:4)
  7 hounds
  6 orc wizards
  3 iguanas
  8 worker ants
  2 killer bee zombies
  A hound skeleton (D:9)
  A hound zombie (D:4)
  A worker ant zombie (D:8)
  Robin (D:3)
  4 gnolls (D:8)
  10 adders
  A shadow imp (D:7)
  A white imp (D:9)
  An ufetubus (D:7)
  2 adder skeletons
  4 dart slugs
  3 leopard geckos
  32 orcs
  4 giant cockroaches
  15 goblins
  18 hobgoblins
  11 jackals
  11 kobolds
  4 quokkas
  A ball python (D:4)
  A ball python skeleton (D:6)
  6 bats
  4 frilled lizards
  A quokka zombie (D:8)
  5 rats
275 creatures vanquished.

Vanquished Creatures (collateral kills)
  A hound (D:10)
  An iguana (D:10)
2 creatures vanquished.

Vanquished Creatures (others)
  A troll (D:10)
  2 fungi (Lair:1)
  33 plants
  10 toadstools (D:2)
46 creatures vanquished.

Grand Total: 323 creatures vanquished

Notes
Turn   | Place    | Note
-------+----------+-------------------------------------------
     0 | D:1      | rel the Draconian Berserker began the quest for the Orb.
     0 | D:1      | Reached XP level 1. HP: 19/19 MP: 1/1
   148 | D:1      | Reached XP level 2. HP: 18/27 MP: 2/2
   789 | D:1      | Reached skill level 4 in Fighting
  1124 | D:2      | Reached XP level 3. HP: 33/33 MP: 3/3
  1482 | D:2      | Reached XP level 4. HP: 9/41 MP: 4/4
  1907 | D:3      | Reached ** piety under Trog
  1912 | D:3      | Found a transporter.
  2291 | D:3      | Reached skill level 5 in Fighting
  2519 | D:3      | Noticed Robin
  2532 | D:3      | Reached XP level 5. HP: 45/48 MP: 5/5
  2543 | D:3      | Killed Robin
  2731 | D:3      | Found a transporter.
  2801 | D:3      | Reached *** piety under Trog
  2963 | D:3      | Reached skill level 1 in Stealth
  3884 | D:3      | Gained mutation: Your large and strong wings let you fly
                  | indefinitely. [potion of mutation]
  3884 | D:3      | Gained mutation: You have an increased reservoir of magic.
                  | (+10% MP) [potion of mutation]
  3884 | D:3      | Gained mutation: Your system is resistant to poisons.
                  | (rPois) [potion of mutation]
  4139 | D:4      | Noticed an ogre
  4149 | D:4      | Killed an ogre
  4150 | D:4      | Reached skill level 6 in Fighting
  4150 | D:4      | Reached XP level 6. HP: 57/57 MP: 6/6
  4180 | D:4      | Noticed an ice beast
  4205 | D:4      | Killed an ice beast
  4206 | D:4      | Reached skill level 5 in Dodging
  4232 | D:4      | Your scales start taking on a lurid green colour.
  4232 | D:4      | Reached XP level 7. HP: 14/64 MP: 7/7
  4232 | D:4      | Mutation became permanent: Your system is resistant to
                  | poisons. (rPois) [Green Draconian growth]
  4232 | D:4      | Gained mutation: Your system is resistant to poisons.
                  | (rPois) [Green Draconian growth]
  4524 | D:4      | Reached skill level 7 in Fighting
  4897 | D:4      | Found Fusa's Gadget Boutique.
  4988 | D:4      | Found a radiant altar of Vehumet.
  5163 | D:4      | Found an ornate altar of the Wu Jian Council.
  5303 | D:5      | Entered Level 5 of the Dungeon
  5330 | D:5      | Found a staircase to the Ecumenical Temple.
  5378 | D:6      | Reached skill level 1 in Shields
  5378 | D:6      | Reached XP level 8. HP: 47/74 MP: 8/8
  5701 | D:6      | Reached skill level 8 in Fighting
  5788 | D:6      | Reached skill level 1 in Maces & Flails
  6899 | D:6      | Identified the +3 ring mail "Buety" {+Inv rC+ Will- Dex+6}
  6920 | D:6      | Reached skill level 1 in Throwing
  7225 | D:7      | Reached XP level 9. HP: 73/82 MP: 9/9
  7522 | D:7      | Found a white marble altar of Elyvilon.
  8280 | D:8      | Reached **** piety under Trog
  8326 | D:8      | Reached skill level 5 in Shields
  8401 | D:8      | Reached skill level 9 in Fighting
  8435 | D:8      | Found Tonuakk's Jewellery Emporium.
  9315 | D:9      | Noticed a green ugly thing
  9325 | D:9      | Killed a green ugly thing
  9326 | D:9      | Reached XP level 10. HP: 57/91 MP: 6/11
  9356 | D:9      | Reached skill level 5 in Maces & Flails
 10757 | D:9      | Noticed a two-headed ogre
 10771 | D:9      | Killed a two-headed ogre
 11281 | D:10     | Entered Level 10 of the Dungeon
 11338 | D:10     | Reached skill level 10 in Fighting
 11356 | D:10     | Reached ***** piety under Trog
 11813 | D:10     | Found a staircase to the Orcish Mines.
 12301 | D:10     | Noticed a red ugly thing
 12310 | D:10     | Reached XP level 11. HP: 99/99 MP: 12/12
 12316 | D:10     | Killed a red ugly thing
 12449 | D:10     | Found a staircase to the Lair.
 12825 | Lair:1   | Entered Level 1 of the Lair of Beasts
 12978 | Lair:1   | Received a gift from Trog
 13621 | Lair:1   | Noticed Harold
 13647 | Lair:1   | Killed Harold
 14057 | Lair:1   | Noticed a four-headed hydra
 14070 | Lair:1   | Killed a four-headed hydra
 14294 | Lair:2   | Mangled by a blink frog

Illustrated notes

Levels and vault maps discovered:
D:1:      minmay_arrival_jagged, layout_basic, minmay_heptomino_d4
D:2:      layout_rooms, dancing_weapons_uskayaw, tgw_fedhas
D:3:      gammafunk_wand_slinger, layout_loops_ring, dk_vineyard_3,
          minmay_increasing_density, uniq_robin
D:4:      layout_rooms, nzn_wu_jian_contemplation, lemuel_doored_altar,
          serial_shops, shop, grunt_ministairs_8
D:5:      layout_rooms, lemuel_round_altar, minmay_temple_entry_purple_smoke,
          ebering_ghost_sewer_f
D:6:      layout_layer_cave, minmay_starry_boxes
D:7:      layout_gridville, elyvilon_altar_3
D:8:      layout_rooms, serial_shops, shop
D:9:      layout_long_grid, minmay_fractal_squares_diagonal_5
D:10:     layout_basic, erik_lair_island, david_orc_2,
          chequers_serial_rivers_large_a, serial_bayou_lagoon_a
Lair:1:   layout_cave_pods, portal_ice_cave_rime, uniq_harold
Lair:2:   layout_regular_city, nicolae_spider_entry_orb_guardian, minivault_19,
          uniq_gastronok, uniq_urug

Skill      XL: |  1  2  3  4  5  6  7  8  9 10 11 |
---------------+----------------------------------+-----
Fighting       | 4 5 6 7 8 9 10 | 10.8
Dodging        | 3 4 5 6 7 8 9 |  9.4
Stealth        | 1 2 3 4 |  4.9
Shields        | 1 3 6 7 |  7.3
Maces & Flails | 3 4 6 8 |  8.1
Throwing       | 1 3 |  3.6
Axes           | |  3.0
Evocations     | |  0.2

Action                   |  1- 3 |  4- 6 |  7- 9 | 10-12 || total
-------------------------+-------+-------+-------+-------++-------
Melee: Hand axe          |   112 |   194 |   110 |       ||   416
       Tailslap          |     9 |    21 |    41 |    61 ||   132
       Flail             |       |       |   226 |   501 ||   727
Throw: Boomerang         |       |       |   111 |     2 ||   113
Invok: Berserk           |     2 |     2 |     4 |     8 ||    16
       Trog's Hand       |       |     1 |     1 |     1 ||     3
 Abil: Fly               |       |     1 |       |       ||     1
       Breathe Noxious F |       |       |       |     1 ||     1
Evoke: Wand              |       |       |       |     4 ||     4
  Use: Scroll            |     1 |     7 |     6 |     6 ||    20
       Potion            |       |    10 |       |     7 ||    17
 Stab: Sleeping          |     1 |     1 |     6 |    10 ||    18
       Distracted        |       |       |       |     1 ||     1
Armor: Skin              |    47 |   121 |   110 |   220 ||   498
Dodge: Dodged            |    76 |   302 |   185 |   369 ||   932
Block: Kite shield       |       |       |   219 |   520 ||   739
